 Dungeon Crawl Stone Soup version 0.28.0-43-g3370ac3207 (webtiles) character file.

Game seed: 6457865815333218656

607 pkoi the Zephyrmancer (level 7, 0/50 HPs)
             Began as a Black Draconian Air Elementalist on Mar 15, 2022.
             Slain by a hornet zombie (8 damage)
             ... on level 5 of the Dungeon.
             The game lasted 00:08:15 (6490 turns).

pkoi the Zephyrmancer (DrAE)                        Turns: 6490, Time: 00:08:16

Health: 0/50       AC:  9    Str: 10    XL:     7   Next: 19%
Magic:  6/10       EV: 12    Int: 18    God:
Gold:   149        SH:  0    Dex: 11    Spells: 5/10 levels left

rFire   . . .      SeeInvis .   m - +6 dagger of a sewer {vorpal, Fly rN+}
rCold   . . .      Faith    .   (no shield)
rNeg    + . .      Spirit   .   (armour unavailable)
rPois   .          Reflect  .   (helmet restricted)
rElec   +          Harm     .   a - +0 cloak
rCorr   .          Rampage  .   n - +1 pair of gloves
Will    .....                   (no boots)
Stlth   ++........              (no amulet)
HPRegen 0.16/turn               (no ring)
MPRegen 0.12/turn               (no ring)

@: flying
A: breathe lightning, AC +6, unfitting armour, electricity resistance,
cold-blooded
a: Breathe Lightning


You were on level 5 of the Dungeon.
You visited 2 branches of the dungeon, and saw 6 of its levels.

You collected 149 gold pieces.

Inventory:

Hand Weapons
 b - a +2 short sword of venom
 e - a +0 rapier
 g - a +2 whip of electrocution
 j - a +1 short sword of protection
 m - the +6 dagger of a sewer (weapon) {vorpal, Fly rN+}
   (You found it on level 3 of the Dungeon)

   It inflicts extra damage upon your enemies.
   rN:        It protects you from negative energy.
   Fly:       It grants you flight.
Armour
 a - a +0 cloak (worn)
 n - a +1 pair of gloves (worn)
Scrolls
 h - a scroll of summoning
Potions
 f - 2 potions of magic {unknown}
 i - 2 potions of invisibility {unknown}
 k - 2 potions of heal wounds
 l - 2 potions of ambrosia {unknown}
 o - 2 potions of curing
 p - a potion of berserk rage
 q - a potion of lignification {unknown}


   Skills:
 - Level 1.7 Dodging
 - Level 1.7 Stealth
 - Level 1.6 Unarmed Combat
 - Level 2.0 Spellcasting
 - Level 1.0 Conjurations
 + Level 9.7 Air Magic


You had 5 spell levels left.
You knew the following spells:

 Your Spells              Type           Power      Damage    Failure   Level
a - Shock                 Conj/Air       84%        1d8       1%          1
b - Airstrike             Air            18%        N/A       3%          4

Your spell library contained the following spells:

 Spells                   Type           Power      Damage    Failure   Level
 Swiftness                Air            36%        N/A       1%          3
 Static Discharge         Conj/Air       21%        N/A       3%          2
 Beastly Appendage        Tmut           2%         N/A       19%         1
 Blink                    Tloc           2%         N/A       26%         2
 Wereblood                Tmut           1%         N/A       26%         2
 Lesser Beckoning         Tloc           1%         N/A       47%         3
 Spider Form              Tmut/Pois      1%         N/A       47%         3
 Manifold Assault         Tloc           1%         N/A       99%         5


Dungeon Overview and Level Annotations

Branches:
Dungeon (5/15)             Temple (1/1) D:5

Altars:
Ashenzari
Gozag
Kikubaaqudgha
Nemelex Xobeh
Qazlal
Ru
Vehumet
Wu Jian
Xom
Yredelemnul
The Shining One

Shops:
D:5 :


Innate Abilities, Weirdness & Mutations

You can breathe wild blasts of lightning.
Your glossy black scales are hard. (AC +6)
You cannot fit into any form of body armour.
You are resistant to electric shocks. (rElec)
You are cold-blooded and may be slowed by cold attacks.


Message History

You start resting.
A hornet zombie is nearby!
A hornet zombie is nearby!
Things that are here:
a +0 spear; a gnoll corpse
Things that are here:
a +0 giant club; a +0 club; a +0 ring mail You hear the rapid hiss of an avalanche of sand nearby.
You see here 9 gold pieces.
Unknown command.
Aiming: Shock (safe; 1% risk of failure)
Press: ? - help, Q - select action, (/) - cycle Shift-Dir - straight line The zap hits the hornet zombie.
The hornet zombie is lightly damaged.
The zap misses the hornet zombie.
The hornet zombie hits you!
* * * LOW HITPOINT WARNING * * *
The hornet zombie closely misses you.
Unknown command.
Aiming: Shock (safe; 1% risk of failure)
Press: ? - help, Q - select action, (/) - cycle Shift-Dir - straight line The zap misses the hornet zombie.
The zap hits the hornet zombie!
The hornet zombie is moderately damaged.
The hornet zombie closely misses you.
Unknown command.
Unknown command.
Aiming: Shock (safe; 1% risk of failure)
Press: ? - help, Q - select action, (/) - cycle Shift-Dir - straight line The zap hits the hornet zombie but does no damage.
The hornet zombie is moderately damaged.
The zap hits the hornet zombie.
The hornet zombie is moderately damaged.
The hornet zombie barely misses you.
Aiming: Shock (safe; 1% risk of failure)
Press: ? - help, Q - select action, (/) - cycle Shift-Dir - straight line The zap hits the hornet zombie.
The hornet zombie is moderately damaged.
The zap misses the hornet zombie.
The hornet zombie hits you!
You die...

.....# ##.# #.# #
.....# #.(# #.# #
..^#.# #.## #.# #
..##.# ##.## .#. # .#
#.# ########...### #
. #Z#
#....(...#...... #
#.# #.######...#.###
# #)# #.# #.....##
#)# ##.#####@....#
#.####......Z(....#
..####
#........####......#
......
#.####............#..
#.#### #...
....#######......
#.....###.# ######
.....>. $.# ##.>...
#### ##...##


You could see a hornet zombie.

Vanquished Creatures
  An ogre (D:5)
  A wyvern zombie (D:4)
  A scorpion (D:5)
  A bullfrog skeleton (D:4)
  A jelly (D:4)
  A gnoll shaman (D:4)
  Terence (D:3)
  An orc wizard (D:5)
  A hound zombie (D:5)
  11 gnolls
  2 adders
  2 white imps (D:5)
  An adder skeleton (D:5)
  2 worms
  2 dart slugs
  3 orcs
  6 bats
  7 endoplasms
  5 giant cockroaches
  6 goblins
  12 hobgoblins
  6 jackals
  5 quokkas
  6 ball pythons
  7 frilled lizards
  10 kobolds
  9 rats
111 creatures vanquished.

Vanquished Creatures (others)
  4 demonic plants (D:2)
  5 fungi (D:2)
  3 plants (D:2)
  4 withered plants (D:2)
16 creatures vanquished.

Grand Total: 127 creatures vanquished

Notes
Turn   | Place    | Note
-------+----------+-------------------------------------------
     0 | D:1      | pkoi the Draconian Air Elementalist began the quest for the
                  | Orb.
     0 | D:1      | Reached XP level 1. HP: 14/14 MP: 3/3
   312 | D:1      | Reached XP level 2. HP: 14/20 MP: 0/5
  1032 | D:1      | Reached skill level 4 in Air Magic
  1290 | D:1      | Reached XP level 3. HP: 26/26 MP: 0/6
  2329 | D:2      | Reached skill level 1 in Unarmed Combat
  3069 | D:2      | Reached XP level 4. HP: 33/33 MP: 4/7
  3345 | D:2      | Found a faded altar of an unknown god.
  3756 | D:3      | Identified the +6 dagger of a sewer {vorpal, Fly rN+}
  3764 | D:3      | Learned a level 4 spell: Airstrike
  3887 | D:3      | Noticed Terence
  3894 | D:3      | Killed Terence
  3895 | D:3      | Reached skill level 5 in Air Magic
  4546 | D:4      | Reached XP level 5. HP: 34/38 MP: 3/8
  4658 | D:4      | Reached skill level 6 in Air Magic
  4911 | D:3      | Reached XP level 6. HP: 37/45 MP: 1/9
  5526 | D:4      | Found a sparkling altar of Nemelex Xobeh.
  5865 | D:5      | Entered Level 5 of the Dungeon
  5865 | D:5      | Found Milariu's Self-Improvement Boutique.
  5942 | D:5      | Found a staircase to the Ecumenical Temple.
  5951 | Temple   | Entered the Ecumenical Temple
  6091 | D:5      | Reached skill level 7 in Air Magic
  6091 | D:5      | Found a basalt altar of Yredelemnul.
  6424 | D:5      | Your scales start taking on a glossy black colour.
  6424 | D:5      | Reached skill level 9 in Air Magic
  6424 | D:5      | Reached XP level 7. HP: 34/50 MP: 3/10
  6424 | D:5      | Gained mutation: You are resistant to electric shocks.
                  | (rElec) [Black Draconian growth]
  6490 | D:5      | Slain by a hornet zombie

Illustrated notes

Levels and vault maps discovered:
D:1:      mrwooster_arrival_statue_2, layout_basic, minmay_close_crescents
D:2:      layout_rooms, shapermc_ecumenical_altar_gd, minmay_misc_feat_hallway
D:3:      layout_loops_ring, uniq_terence
D:4:      layout_basic, nemelex_xobeh_ov_fountains_minmay
D:5:      layout_loops_ring, grunt_temple_overflow_bloody_war,
          mainiacjoe_overflow_small_starburst, grunt_dithmenos_shadows,
          minmay_temple_entry_crystal_x, nicolae_ossuary_entry_catacombs,
          nicolae_shop_self_help
Temple:   nicolae_temple_figure_zero

Skill      XL: |  1  2  3  4  5  6 |
---------------+-------------------+-----
Air Magic      | 4 5 6 9 |  9.7
Unarmed Combat | 1 |  1.6
Dodging        | |  1.7
Stealth        | |  1.7
Spellcasting   | |  2.0
Conjurations   | |  1.0

Action                   |  1- 3 |  4- 6 |  7- 9 || total
-------------------------+-------+-------+-------++-------
Melee: Unarmed           |    19 |       |       ||    19
       Rapier            |    33 |       |       ||    33
       Tailslap          |     2 |       |     1 ||     3
       Dagger            |       |    29 |     9 ||    38
       Short sword       |       |     3 |       ||     3
 Cast: Shock             |   102 |   131 |     4 ||   237
 Abil: Breathe Lightning |       |       |     1 ||     1
Evoke: Wand              |       |       |     2 ||     2
  Use: Scroll            |     4 |     5 |     1 ||    10
       Potion            |       |     1 |       ||     1
 Stab: Paralysed         |       |       |     2 ||     2
Armor: Skin              |    22 |    19 |     4 ||    45
Dodge: Dodged            |    48 |    34 |     8 ||    90
